 Dungeon Crawl Stone Soup version 0.26-a0-598-g61e6210 (webtiles) character file.

Game seed: 6478041293671898823

38122 smeego the Covert (level 14, 0/165 HPs)
             Began as an Octopode Fighter on Aug 27, 2020.
             Was a High Priest of Dithmenos.
             Slain by a sixfirhy (5 damage)
             ... summoned by an orc high priest
             ... on level 2 of the Orcish Mines.
             The game lasted 00:25:21 (19150 turns).

smeego the Covert (Octopode Fighter)               Turns: 19150, Time: 00:25:21

Health: 0/165      AC: 27    Str: 18    XL:     14   Next: 0%
Magic:  19/19      EV:  2    Int: 16    God:    Dithmenos [*****.]
Gold:   2187       SH: 11    Dex: 14    Spells: 17/18 levels left

rFire    x . .     SeeInvis .   f - +4 scimitar
rCold    + + .     Faith    .   b - +0 kite shield
rNeg     + + +     Spirit   .   (helmet currently unavailable)
rPois    +         Reflect  .   B - amulet of Vitality {Regen+ HP+15}
rElec    .         Harm     .   v - +6 ring of intelligence
rCorr    .         NoTele   +   x - ring of protection from cold
MR       ++...                  o - ring of ice
Stlth    ++++++++..             D - ring of poison resistance
HPRegen  0.77/turn              L - ring of flight
MPRegen  0.16/turn              P - ring of positive energy
                                (no ring)
                                (no ring)

@: tree-form, hasted, wreathed by umbra, very quick
A: almost no armour, stealthy swim, (amphibious), 8 rings, (constrict 8), agile
1, magic resistance 1, weak 1, wild magic 1
a: Shadow Step, Shadow Form, Renounce Religion


You were on level 2 of the Orcish Mines.
You worshipped Dithmenos.
Dithmenos was extremely pleased with you.
You were a tree.
You visited 4 branches of the dungeon, and saw 20 of its levels.
You also visited: Volcano.

You collected 2201 gold pieces.
You spent 14 gold pieces at shops.

Inventory:

Hand Weapons
 f - a +4 scimitar (weapon)
 m - a +2 dagger of venom
 r - a +0 dagger of protection
 u - a +4 dagger
 I - a +0 hand crossbow of flaming
Missiles
 i - 15 javelins (quivered)
 M - 127 stones
Armour
 b - a +0 kite shield (worn)
 j - a +0 hat of intelligence (melded)
Jewellery
 o - a ring of ice (on tentacle)
 v - a +6 ring of intelligence (left branch)
 x - a ring of protection from cold (right branch)
 B - the amulet of Vitality (around neck) {Regen+ HP+15}
   (You found it on level 1 of the Lair of Beasts)

   [amulet of regeneration]

   It affects your health (+15).
   It increases your rate of regeneration.
 D - a ring of poison resistance (on tentacle)
 L - a ring of flight (on tentacle)
 P - a ring of positive energy (on tentacle)
Wands
 a - a wand of digging (10)
 w - a wand of acid (3)
 E - a wand of enslavement (1)
 K - a wand of random effects (23)
Scrolls
 d - 10 scrolls of teleportation
 g - 3 scrolls of fog
 h - 7 scrolls of fear
 t - 7 scrolls of remove curse
 y - a scroll of holy word
 A - 2 scrolls of enchant weapon
 C - 3 scrolls of amnesia
 N - a scroll of brand weapon {unknown}
Potions
 c - 3 potions of might
 e - 4 potions of haste
 k - a potion of lignification
 l - 2 potions of curing
 n - a potion of resistance
 p - a potion of berserk rage {unknown}
 q - 2 potions of magic
 s - 6 potions of flight
 z - a potion of ambrosia {unknown}
 F - 4 potions of degeneration
 G - 2 potions of stabbing
 J - a potion of experience {unknown}
 Q - a potion of cancellation {unknown}
Miscellaneous
 O - a tin of tremorstones (2/3)


   Skills:
 + Level 8.5 Fighting
 + Level 11.0 Long Blades
 + Level 8.6 Dodging
 + Level 11.3 Stealth
 + Level 8.7 Shields
 + Level 7.8 Unarmed Combat
 + Level 2.8 Spellcasting
 * Level 4.7 Earth Magic
 + Level 7.4 Invocations
 + Level 8.4 Evocations


You had 17 spell levels left.
You knew the following spells:

 Your Spells              Type           Power        Failure   Level
a - Sandblast             Erth           ###...       10%         1

Your spell library contained the following spells:

 Spells                   Type           Power        Failure   Level
 Passwall                 Tmut/Erth      ##......     32%         2
 Foxfire                  Conj/Fire      #...         47%         1
 Sting                    Tmut/Pois      #...         47%         1
 Summon Small Mammal      Summ           #...         47%         1
 Stone Arrow              Conj/Erth      ##....       52%         3
 Call Imp                 Summ           #.......     63%         2
 Poisonous Vapours        Pois/Air       #.....       63%         2
 Call Canine Familiar     Summ           #.......     83%         3
 Conjure Flame            Conj/Fire      #.......     83%         3
 Ignite Poison            Fire/Tmut/Pois #.......     83%         3
 Inner Flame              Hex/Fire       #.......     83%         3
 Mephitic Cloud           Conj/Pois/Air  #.......     83%         3
 Summon Guardian Golem    Hex/Summ       #.......     83%         3
 Petrify                  Tmut/Erth      ##......     89%         4
 Lee's Rapid Deconstruct  Erth           ###.......   90%         5
 Olgreb's Toxic Radiance  Pois           #.......     99%         4
 Sticky Flame             Conj/Fire      #.......     99%         4
 Summon Ice Beast         Ice/Summ       #.......     99%         4
 Summon Lightning Spire   Summ/Air       #.......     99%         4
 Fireball                 Conj/Fire      #.........   100%        5


Dungeon Overview and Level Annotations

Branches:
Dungeon (11/15)            Temple (1/1) D:5            Lair (6/6) D:9
  Swamp (0/4) Lair:2        Snake (0/4) Lair:2        Slime (0/5) Lair:5
    Orc (2/2) D:9             Elf (0/3) Orc:2       Volcano (visited)

Altars:
Ashenzari
Cheibriados
Dithmenos
Fedhas
Gozag
Hepliaklqana
Kikubaaqudgha
Makhleb
Nemelex Xobeh
Okawaru
Ru
Sif Muna
Trog
Uskayaw
Vehumet
Yredelemnul
Zin
The Shining One
Jiyva

Shops:
D:5 *   Orc:2 !}*

Annotations:
D:7 3 runed translucent doors, bzbzbz's ghost, novice OpTm
D:10 1 runed translucent door, rywalker's ghost, journeyman DgFi


Innate Abilities, Weirdness & Mutations

You cannot wear most types of armour.
You are very stealthy in the water. (Stealth+)
((You are amphibious.))
You can wear up to eight rings at the same time.
((You can use your tentacles to constrict eight enemies at once.))
((Your skin changes colour to match your surroundings (Stealth+).))
((Your rubbery body absorbs attacks. (AC +1, EV +1)))
You are agile. (Dex +2)
You are resistant to hostile enchantments. (MR+)
You are weak. (Str -2)
Your spells are a little harder to cast, but a little more powerful.


Message History

You hear a shout!
Evoke which item? (* to show all) (? for menu, Esc to quit)
Aiming: Corrosive Bolt
Press: ? - help, Shift-Dir - straight line, f - sixfirhy
Aim: a sixfirhy (summoned, umbra)
The bolt of acid hits the sixfirhy!!
The sixfirhy is splashed with acid.
The sixfirhy is severely wounded.
The bolt of acid hits the orc!!
The orc is splashed with acid.
The acid corrodes the orc!
You kill the orc!
Dithmenos accepts your kill.
The bolt of acid misses the orc priest.
The bolt of acid hits the orc priest!
The orc priest is splashed with acid.
You kill the orc priest!
Dithmenos accepts your kill.
The bolt of acid hits the troll!!
The troll is splashed with acid.
The acid corrodes the troll!
The troll is severely wounded.
The sixfirhy hits you.
You die...

........# #..# #.# .#
........######..###.###o####
................o...44h.....
....................oTo.....
........############)#..##.#
........#.## ##oo.o.....
...........## ##)#.#......
....#.......## ##3#####.....
.............###♣## .o...
........#....#..## ....
........##......# .##
.........###...#### ##
.....#...# #....#.##
.#...##.## ##......#
###.##### ###.#.## ### #####


You could see a troll (corroded), a sixfirhy (summoned), a chaos spawn
(summoned), a warg, 3 orc priests and 2 orcs.

Vanquished Creatures
  Gastronok (Lair:2)
  Nessos (Orc:2)
  2 hydras
  A two-headed ogre (D:9)
  A hell knight (Volcano)
  2 orc high priests
  A swamp dragon (Lair:2)
  2 orc knights
  2 orc sorcerers
  2 ugly things (Volcano)
  4 elephants (Lair:4)
  2 torpor snails (Lair:5)
  9 cane toads
  A smoke demon (Volcano)
  4 black mambas
  A gargoyle (D:10)
  3 rime drakes
  7 komodo dragons
  7 trolls
  2 red devils (Volcano)
  Prince Ribbit (D:8)
  7 blink frogs
  8 dream sheep (Lair:5)
  3 hippogriffs
  A vampire (D:10)
  7 yaks
  5 wyverns
  Grum (D:11)
  A basilisk (Lair:2)
  4 wargs
  A naga (Lair:2)
  7 water moccasins
  3 soldier ants (Lair:6)
  8 porcupines
  A hell hound (Volcano)
  2 ice beasts
  4 black bears
  14 orc warriors
  4 phantoms
  A black bear (shapeshifter) (D:10)
  5 ogres
  20 wolves
  2 sky beasts
  2 centaurs
  12 crocodiles
  A big kobold (D:8)
  18 bullfrogs
  6 scorpions
  5 killer bees
  3 howler monkeys
  8 wights
  A centaur zombie (D:9)
  2 lava snakes (D:9)
  3 quasits
  6 hounds
  4 jellies
  20 orc priests
  A bullfrog skeleton (D:3)
  25 orc wizards
  Ijyb (D:3)
  13 worker ants
  A hound skeleton (D:11)
  A worker ant zombie (D:4)
  7 gnolls
  2 river rats (Lair:4)
  14 adders
  2 shadow imps
  4 white imps
  3 ufetubi
  An ooze (D:2)
  A worm (D:2)
  5 dart slugs
  5 leopard geckos
  77 orcs
  5 giant cockroaches
  12 hobgoblins
  12 jackals
  5 quokkas
  9 bats
  3 frilled lizards
  9 goblins
  A jackal zombie (D:2)
  15 kobolds
  A leopard gecko skeleton (D:8)
  A leopard gecko zombie (D:5)
  A quokka skeleton (D:8)
  5 rats
498 creatures vanquished.

Vanquished Creatures (collateral kills)
  An orc wizard (Orc:1)
  3 orcs (Orc:1)
4 creatures vanquished.

Vanquished Creatures (others)
  40 fungi
  45 plants
85 creatures vanquished.

Grand Total: 587 creatures vanquished

Notes
Turn   | Place    | Note
-------+----------+-------------------------------------------
     0 | D:1      | smeego the Octopode Fighter began the quest for the Orb.
     0 | D:1      | Reached XP level 1. HP: 16/16 MP: 1/1
    51 | D:1      | Reached XP level 2. HP: 10/21 MP: 2/2
   227 | D:1      | Reached skill level 1 in Stealth
   637 | D:1      | Reached XP level 3. HP: 21/26 MP: 3/3
  1127 | D:2      | You fall into a shaft and drop 1 floor!
  1341 | D:2      | Found an ancient bone altar of Kikubaaqudgha.
  1375 | D:2      | Reached XP level 4. HP: 31/31 MP: 4/4
  1650 | D:2      | Reached skill level 1 in Unarmed Combat
  1750 | D:2      | Found a glowing golden altar of the Shining One.
  1753 | D:2      | Found a hazy altar of Hepliaklqana.
  1921 | D:3      | Reached XP level 5. HP: 29/36 MP: 5/5
  2178 | D:3      | Found a faded altar of an unknown god.
  2179 | D:3      | Noticed Ijyb
  2190 | D:3      | Killed Ijyb
  2283 | D:3      | Reached XP level 6. HP: 42/42 MP: 6/6
  2953 | D:4      | Reached skill level 1 in Evocations
  3068 | D:4      | Reached XP level 7. HP: 47/47 MP: 7/7
  3584 | D:5      | Entered Level 5 of the Dungeon
  3825 | D:5      | Found a staircase to the Ecumenical Temple.
  3840 | Temple   | Entered the Ecumenical Temple
  3892 | Temple   | Became a worshipper of Dithmenos the Shadowed
  3937 | D:5      | Found a basalt altar of Yredelemnul.
  4176 | D:5      | Reached skill level 5 in Long Blades
  4176 | D:5      | Reached XP level 8. HP: 36/54 MP: 8/8
  4224 | D:5      | Found Xaseigae's Serpentskin Sales.
  4488 | D:6      | Reached skill level 5 in Stealth
  4761 | D:6      | Found a bloodstained altar of Trog.
  4786 | D:6      | Reached * piety under Dithmenos
  4789 | D:6      | Reached skill level 5 in Shields
  4979 | D:6      | Reached skill level 5 in Dodging
  4979 | D:6      | Reached XP level 9. HP: 60/60 MP: 9/9
  4989 | D:6      | You fall into a shaft and drop 1 floor!
  5218 | D:7      | Found a runed translucent gate.
  5219 | D:7      | Found a runed translucent gate.
  5234 | D:7      | Reached skill level 5 in Fighting
  5243 | D:7      | Found a runed translucent gate.
  5243 | D:7      | Noticed a centaur warrior
  5251 | D:7      | Noticed bzbzbz's ghost (novice OpTm)
  5501 | D:7      | Reached skill level 1 in Invocations
  6201 | D:8      | Noticed Prince Ribbit
  6215 | D:8      | Killed Prince Ribbit
  6223 | D:8      | Reached ** piety under Dithmenos
  6443 | D:8      | Reached XP level 10. HP: 66/66 MP: 11/11
  7086 | D:9      | Found a staircase to the Orcish Mines.
  7489 | D:9      | Reached *** piety under Dithmenos
  7671 | D:9      | Noticed a two-headed ogre
  7833 | D:9      | Reached skill level 5 in Evocations
  7854 | D:9      | Reached skill level 5 in Unarmed Combat
  7882 | D:9      | Killed a two-headed ogre
  8045 | D:9      | Found a sparkling altar of Nemelex Xobeh.
  8210 | D:9      | Found a radiant altar of Vehumet.
  8335 | D:9      | Found a staircase to the Lair.
  8410 | D:10     | Entered Level 10 of the Dungeon
  8485 | D:10     | Gained mutation: You are agile. (Dex +2) [potion of
                  | mutation]
  8485 | D:10     | Gained mutation: Your spells are a little harder to cast,
                  | but a little more powerful. [potion of mutation]
  8485 | D:10     | Gained mutation: You are weak. (Str -2) [potion of
                  | mutation]
  8485 | D:10     | Gained mutation: You are resistant to hostile enchantments.
                  | (MR+) [potion of mutation]
  8537 | D:10     | Noticed a gargoyle
  8539 | D:10     | Killed a gargoyle
  8607 | Lair:1   | Entered Level 1 of the Lair of Beasts
  8628 | Lair:1   | Reached XP level 11. HP: 64/73 MP: 12/14
  8954 | Lair:1   | Reached **** piety under Dithmenos
  9290 | Lair:1   | Found the amulet of Vitality {Regen+ HP+15}
  9952 | Lair:2   | Noticed a five-headed hydra
  9976 | Lair:1   | Killed a five-headed hydra
 10100 | Lair:2   | Reached skill level 5 in Invocations
 10854 | Lair:2   | Found a staircase to the Swamp.
 10855 | Lair:2   | Noticed a swamp dragon
 10877 | Lair:2   | Reached XP level 12. HP: 52/81 MP: 15/15
 11086 | Lair:2   | Noticed Gastronok
 11101 | Lair:2   | Found a staircase to the Snake Pit.
 11122 | Lair:2   | Killed Gastronok
 11340 | Lair:2   | You fall into a shaft and drop 2 floors!
 11468 | Lair:4   | Reached skill level 10 in Long Blades
 12406 | Lair:3   | Noticed a five-headed hydra
 12416 | Lair:3   | Killed a six-headed hydra
 12416 | Lair:3   | Reached skill level 10 in Stealth
 13099 | Lair:4   | Reached ***** piety under Dithmenos
 13409 | Lair:4   | Learned a level 1 spell: Sandblast
 14062 | Lair:5   | Identified a scroll of acquirement
 14062 | Lair:5   | Acquired 550 gold pieces
 14189 | Lair:5   | Reached skill level 1 in Earth Magic
 14209 | Lair:5   | Reached XP level 13. HP: 58/88 MP: 17/17
 14380 | Lair:5   | Found a dark tunnel.
 14389 | Volcano  | Entered a volcano
 14447 | Volcano  | Reached skill level 1 in Spellcasting
 15395 | Lair:5   | Found a viscous altar of Jiyva.
 15395 | Lair:5   | Found a staircase to the Slime Pits.
 15535 | Lair:6   | Entered Level 6 of the Lair of Beasts
 15640 | Lair:6   | Noticed an entropy weaver
 15883 | D:10     | Found a runed translucent door.
 15888 | D:10     | Noticed rywalker's ghost (journeyman DgFi)
 16147 | D:10     | Found a sacrificial altar of Ru.
 16572 | D:11     | Noticed Grum
 16582 | D:11     | Killed Grum
 16938 | Orc:1    | Entered Level 1 of the Orcish Mines
 17666 | Orc:1    | HP: 5/103 [troll (16)]
 18234 | Orc:2    | Entered Level 2 of the Orcish Mines
 18428 | Orc:2    | Found Eroharu's General Store.
 18431 | Orc:2    | Bought a scroll of noise for 14 gold pieces
 18488 | Orc:2    | Found a staircase to the Elven Halls.
 18843 | Orc:2    | Noticed Nessos
 18858 | Orc:2    | Killed Nessos
 18974 | Orc:2    | Found Ygosoeb's Distillery.
 18985 | Orc:2    | Found Xuryanneal's Gadget Boutique.
 19131 | Orc:2    | Reached XP level 14. HP: 70/95 MP: 19/19
 19149 | Orc:2    | HP: 5/165 [orc priest/divine providence (13)]
 19150 | Orc:2    | Slain by a sixfirhy

Illustrated notes

Levels and vault maps discovered:
D:1:      lemuel_arrival_cross, layout_rooms, serial_park_tiny_pond, hex_tiny,
          serial_park_tiny_1
D:2:      layout_basic, marbit_many_paths,
          chequers_temple_overflow_statue_of_worship
D:3:      layout_loops_corners, chequers_ecumenical_altar_island, uniq_ijyb
D:4:      layout_rooms, lemuel_another_geyser
D:5:      layout_rooms, yredelemnul_altar_generic,
          minmay_temple_entry_large_hall, guppyfry_shop_venom
D:6:      layout_cave_pools, trog_ov_bears_minmay
D:7:      layout_loops_ring, gammafunk_ghost_split
D:8:      layout_basic, hangedman_minor_gate_pass, uniq_prince_ribbit1
D:9:      layout_big_octagon, lemuel_round_altar,
          nemelex_xobeh_ov_fountains_minmay, lair_entry_dummy
D:10:     layout_roguey, ebering_ghost_reflecting_pool, basic_altar
D:11:     layout_basic, serial_shops, nicolae_shop_stone, minivault_4, uniq_grum
Temple:   nicolae_temple_elliptical
Lair:1:   layout_roguey
Lair:2:   layout_loops_ring, minmay_swamp_entry_reptiles,
          guppyfry_snake_entry_garden, grunt_megastairs_2, uniq_gastronok
Lair:3:   layout_regular_city, chequers_serial_rivers_large_a,
          columned_hall_lemuel, st_stairs_8
Lair:4:   layout_small_grid, pond
Lair:5:   layout_loops_ring, dpeg_slime_entry_enclosed_altar,
          nicolae_volcano_entry_vermiform, serial_bayou_pond_e
Lair:6:   minmay_lair_end_enchanted_forest, layout_loops_ring,
          chequers_serial_rivers_room_a, minivault_29, uniq_snorg
Orc:1:    layout_caves
Orc:2:    st_orc_town, layout_diamond_mine, serial_shops,
          nicolae_shop_behind_doors, shop_fountains,
          nicolae_shop_temple_entry_statues_fountains, uniq_nessos

Skill      XL: |  1  2  3  4  5  6  7  8  9 10 11 12 13 |
---------------+----------------------------------------+-----
Stealth        | 1 2 3 4 5 6 8 9 10 11 | 11.3
Unarmed Combat | 1 2 3 4 5 6 7 |  7.8
Long Blades    | 3 4 5 6 7 8 9 10 11 | 11.0
Evocations     | 1 2 3 4 5 6 7 8 |  8.4
Shields        | 4 5 6 7 8 |  8.7
Dodging        | 4 5 6 7 8 |  8.6
Fighting       | 4 5 6 7 8 |  8.5
Invocations    | 2 4 5 6 7 |  7.4
Earth Magic    | 1 4 |  4.7
Spellcasting   | 2 |  2.8

Action                   |  1- 3 |  4- 6 |  7- 9 | 10-12 | 13-15 || total
-------------------------+-------+-------+-------+-------+-------++-------
Melee: Long sword        |    65 |   144 |   254 |    21 |       ||   484
       Constrict         |    20 |    40 |    66 |    81 |    68 ||   275
       Tentacles         |    13 |    30 |    64 |   133 |    86 ||   326
       Punch             |       |       |     4 |    30 |    29 ||    63
       Scimitar          |       |       |       |   460 |   319 ||   779
       Dagger            |       |       |       |     7 |     8 ||    15
Invok: Shadow Step       |       |       |       |       |     1 ||     1
Evoke: Wand              |       |       |     4 |    12 |    18 ||    34
       Tin of tremorston |       |       |       |       |     3 ||     3
  Use: Scroll            |       |     5 |     6 |     8 |     6 ||    25
       Potion            |       |       |     2 |     3 |     9 ||    14
 Stab: Sleeping          |     5 |    13 |    19 |    31 |    22 ||    90
       Distracted        |       |       |       |     5 |     2 ||     7
Armor: Skin              |     3 |     2 |    44 |    10 |    27 ||    86
Dodge: Dodged            |    25 |    60 |   122 |   277 |   202 ||   686
Block: Kite shield       |    28 |    65 |   134 |   263 |   206 ||   696
       Rpst.: Long sword |     5 |    14 |    40 |     4 |       ||    63
       Scimitar          |       |       |       |    83 |    44 ||   127

Table legend: (Time is in decaauts)
 A = Elapsed time spent in this place.
 B = Non-inter-level travel time spent in this place.
 C = Inter-level travel time spent in this place.
 D = Time resting spent in this place.
 E = Time spent auto-exploring this place.
 F = Levels seen in this place.
 G = Mean time per level.
                   A        B        C        D        E       F      G
               +--------+--------+--------+--------+--------+-----+--------+
         Total |  19233 |  18353 |    880 |   4474 |   9910 |  21 |  915.9 |
       Dungeon |  10231 |   9771 |    460 |   1932 |   5616 |  11 |  930.1 |
        Temple |     82 |     52 |     30 |      0 |     50 |   1 |   82.0 |
          Lair |   6839 |   6460 |    379 |   1922 |   3355 |   6 | 1139.8 |
  Orcish Mines |   1822 |   1811 |     11 |    620 |    726 |   2 |  911.0 |
       Volcano |    257 |    257 |      0 |      0 |    163 |   1 |  257.0 |
               +--------+--------+--------+--------+--------+-----+--------+

Top non-repeatable levels by time:
     D:9: 1722 daAuts
  Lair:4: 1546 daAuts
  Lair:1: 1492 daAuts
  Lair:5: 1275 daAuts
  Lair:2: 1260 daAuts
  Lair:3: 1224 daAuts
     D:3: 1046 daAuts
    D:10: 1007 daAuts
   Orc:1: 991 daAuts
     D:8: 942 daAuts
     D:2: 931 daAuts
     D:1: 912 daAuts
     D:6: 896 daAuts
     D:7: 842 daAuts
   Orc:2: 831 daAuts
